 Dungeon Crawl Stone Soup version 0.20.1-1-g8b1a95d (webtiles) character file.

751 polve the Chopper (level 7, 0/52 HPs)
             Began as a Demonspawn Fighter on July 3, 2017.
             Succumbed to Eustachio's poison
             ... on level 5 of the Dungeon.
             The game lasted 00:03:55 (4525 turns).

polve the Chopper (Demonspawn Fighter)              Turns: 4525, Time: 00:03:56

Health: 0/52       AC: 11    Str: 19      XL:     7   Next: 49%
Magic:  4/7        EV:  7    Int:  9      God:
Gold:   194        SH:  8    Dex: 11 (12) Spells: 6/6 levels left

rFire    . . .     SeeInvis .   a - +0 war axe
rCold    . . .     Gourm    .   c - +0 shield
rNeg     . . .     Faith    .   b - +0 scale mail
rPois    .         Spirit   +   (helmet restricted)
rElec    .         Reflect  .   r - +2 cloak
rCorr    .         Harm     .   (no gloves)
MR       .....                  (no boots)
Stlth    ..........             (no amulet)
Regen    0.2/turn               w - ring of loudness (curse)
MPRegen  0.1/turn               (no ring)

@: lethally poisoned (0 -> -30)
A: antennae 2, yellow scales 1, spiny 1, magic shield
a: no special abilities


You were on level 5 of the Dungeon.
You were not hungry.

You visited 1 branch of the dungeon, and saw 5 of its levels.

You collected 194 gold pieces.

Inventory:

Hand Weapons
 a - a +0 war axe (weapon)
Armour
 b - a +0 scale mail (worn)
 c - a +0 shield (worn)
 r - a +2 cloak (worn)
 u - a +0 pair of gloves
Jewellery
 w - a cursed ring of loudness (left hand)
Scrolls
 e - 3 scrolls of identify {unknown}
 k - a scroll of recharging {unknown}
 m - 2 scrolls of teleportation {unknown}
 n - a scroll of noise {unknown}
 o - a scroll of random uselessness {unknown}
 q - a scroll of magic mapping {unknown}
 s - 4 scrolls of remove curse {unknown}
 v - a scroll of enchant weapon {unknown}
 y - 3 scrolls of fear {unknown}
Potions
 d - a potion of might
 g - 8 potions of curing {unknown}
 h - a potion of haste
 j - a potion of degeneration {unknown}
 p - a potion of heal wounds {unknown}
 t - 2 potions of flight {unknown}
 x - a potion of magic {unknown}
Comestibles
 f - 5 bread rations
 i - 2 royal jellies
 l - 3 meat rations
 z - 10 chunks of flesh


   Skills:
 - Level 3.0 Fighting
 + Level 7.8 Axes
 - Level 2.6 Armour
 - Level 2.6 Shields


You had 6 spell levels left.
You didn't know any spells.

Dungeon Overview and Level Annotations

Branches:
Dungeon (5/15)
 Temple: D:4-7

Altars:
Elyvilon
Kikubaaqudgha
Trog

Annotations:
D:5 Eustachio


Innate Abilities, Weirdness & Mutations

You have a pair of antennae on your head.
You are partially covered in yellow scales. (AC +2)
You are partially covered in sharp spines.
When hurt, damage is shared between your health and your magic reserves.


Message History

* * * LOW HITPOINT WARNING * * *
The river rat is struck by your spines.
You kill the river rat!
The river rat's corpse disappears in a puff of smoke!
You completely miss Eustachio.
Eustachio is almost dead.
* * * LOW HITPOINT WARNING * * *
You feel very sick. Eustachio hits you but does no damage.
You are more poisoned.
You miss Eustachio.
Eustachio is almost dead.
* * * LOW HITPOINT WARNING * * *
You feel sick.
Eustachio growls, "To hell with you, honourless miscreant!"
Eustachio hits you but does no damage.
You are more poisoned.
You barely miss Eustachio.
Eustachio is almost dead.
You die...

...♣ #..
... .<.
#.##+##
#.....#
#@....#
#@....#
#†....#
#)))..#
#.....#
#....(#
#.(...#
#.(...#
#.##......
#.# ####..


You could see Eustachio.

Vanquished Creatures
  Duvessa (D:4)
  A centaur (D:5)
  Dowan (D:4)
  A crimson imp (D:4)
  A hound (D:4)
  2 orc priests
  Crazy Yiuf (D:2)
  A centaur skeleton (D:4)
  An iguana (D:4)
  Natasha (thrice) (D:3)
  An orc wizard (D:3)
  Robin (D:4)
  5 adders
  An adder zombie (D:4)
  2 worms
  A dart slug (D:2)
  8 leopard geckos
  20 orcs
  A ball python (D:1)
  3 giant cockroaches
  9 hobgoblins
  14 jackals
  11 kobolds
  A quokka (D:2)
  8 bats
  6 frilled lizards
  17 goblins
  10 rats
132 creatures vanquished.

Notes
Turn   | Place    | Note
-------+----------+-------------------------------------------
     0 | D:1      | polve the Demonspawn Fighter began the quest for the Orb.
     0 | D:1      | Reached XP level 1. HP: 18/18 MP: 1/1
   153 | D:1      | Reached skill level 2 in Axes
   565 | D:1      | Gained mutation: You are partially covered in sharp spines. [demonic ancestry]
   565 | D:1      | Reached XP level 2. HP: 24/24 MP: 2/2
   887 | D:1      | Reached skill level 3 in Axes
   903 | D:1      | Reached XP level 3. HP: 24/29 MP: 3/3
  1779 | D:2      | Found an ancient bone altar of Kikubaaqudgha.
  1956 | D:2      | Gained mutation: You have a pair of small antennae on your head. [demonic ancestry]
  1956 | D:2      | Reached XP level 4. HP: 35/35 MP: 4/4
  2009 | D:2      | Reached skill level 4 in Axes
  2233 | D:2      | Found a runed door.
  2237 | D:2      | Noticed Crazy Yiuf
  2245 | D:2      | Killed Crazy Yiuf
  2499 | D:3      | Gained mutation: You are partially covered in yellow scales. (AC +2) [demonic ancestry]
  2499 | D:3      | Reached XP level 5. HP: 41/41 MP: 5/5
  2572 | D:3      | Reached skill level 5 in Axes
  2802 | D:3      | Noticed Natasha
  2807 | D:3      | Killed Natasha
  3016 | D:3      | Noticed Natasha
  3034 | D:3      | Killed Natasha
  3291 | D:3      | Noticed Natasha
  3297 | D:3      | Killed Natasha
  3297 | D:3      | Gained mutation: You have a pair of antennae on your head. [demonic ancestry]
  3297 | D:3      | Reached XP level 6. HP: 47/47 MP: 6/6
  3477 | D:3      | Reached skill level 6 in Axes
  3803 | D:4      | Noticed Duvessa
  3803 | D:4      | Noticed Dowan
  3817 | D:4      | Killed Duvessa
  3819 | D:4      | Killed Dowan
  3819 | D:4      | Reached skill level 7 in Axes
  3819 | D:4      | Gained mutation: When hurt, damage is shared between your health and your magic reserves. [demonic ancestry]
  3819 | D:4      | Reached XP level 7. HP: 16/52 MP: 7/7
  4230 | D:4      | Noticed Robin
  4241 | D:4      | Killed Robin
  4381 | D:4      | Found a bloodstained altar of Trog.
  4404 | D:4      | Found a white marble altar of Elyvilon.
  4489 | D:5      | Entered Level 5 of the Dungeon
  4504 | D:5      | Noticed Eustachio
  4525 | D:5      | Succumbed to Eustachio's poison

Skill      XL: |  1  2  3  4  5  6 |
---------------+-------------------+-----
Axes           | 2 3 4 5 7 |  7.8
Fighting       | |  3.0
Armour         | |  2.6
Shields        | |  2.6

Action                   |  1- 3 |  4- 6 |  7- 9 || total
-------------------------+-------+-------+-------++-------
Melee: War axe           |   124 |   122 |    56 ||   302
  Use: Potion            |       |     1 |       ||     1
  Eat: Chunk             |     3 |     6 |     3 ||    12
Armor: Scale mail        |    44 |    74 |    52 ||   170
Dodge: Dodged            |    27 |    38 |    29 ||    94
Block: Shield            |    77 |    63 |    36 ||   176
